 Dungeon Crawl Stone Soup version 0.29.0 (webtiles) character file.

Game seed: 7638400907558677532

179 Orban the Trooper (level 5, -10/48 HPs)
             Began as a Minotaur Monk on Sept 1, 2022.
             Was a Follower of Ru.
             Mangled by an ogre
             ... wielding a +0 giant club
              (33 damage)
             ... on level 3 of the Dungeon.
             The game lasted 00:08:25 (3216 turns).

Orban the Trooper (Minotaur Monk)                   Turns: 3216, Time: 00:08:26

Health: -10/48     AC:  5    Str: 18    XL:     5   Next: 32%
Magic:  4/4        EV: 13    Int:  7    God:    Ru [*.....]
Gold:   74         SH:  0    Dex: 12    Spells: 4/4 levels left

rFire   . . .      SeeInvis .   a - +0 falchion
rCold   . . .      Faith    .   (no shield)
rNeg    . . .      Spirit   .   e - +1 leather armour
rPois   .          Reflect  .   (helmet restricted)
rElec   .          Harm     .   (no cloak)
rCorr   .          Rampage  .   (no gloves)
Will    .....                   o - +0 pair of boots
Stlth   +.........              (no amulet)
HPRegen 0.16/turn               (no ring)
MPRegen 0.09/turn               (no ring)

@: no status effects
A: horns 2, no ice magic, no translocations magic, no transmutations magic,
retaliatory headbutt
a: Renounce Religion


You were on level 3 of the Dungeon.
You worshipped Ru.
Ru was aware of your devotion.
You visited 1 branch of the dungeon, and saw 3 of its levels.

You collected 155 gold pieces.
You spent 81 gold pieces at shops.

Inventory:

Hand Weapons
 a - a +0 falchion (weapon)
 j - a +0 dagger of draining
 l - a +1 dagger of pain
Armour
 b - a +0 robe
 e - a +1 leather armour (worn)
 o - a +0 pair of boots (worn)
Scrolls
 d - a scroll of teleportation
 i - a scroll of silence
 k - a scroll of summoning
Potions
 c - a potion of ambrosia
 g - a potion of flight {unknown}
 h - 2 potions of attraction {unknown}
 m - 2 potions of resistance {unknown}
 n - a potion of degeneration {unknown}
 p - a potion of berserk rage {unknown}
 r - a potion of haste {unknown}


   Skills:
 * Level 5.4 Fighting
 + Level 4.5 Long Blades
 * Level 4.9 Dodging
 - Level 1.6 Stealth


You had 4 spell levels left.
You didn't know any spells.
Your spell library contained the following spells:

 Spells                   Type           Power      Damage    Failure   Level
 Magic Dart               Conj           0%         1d3       50%         1
 Necrotise                Necr           0%         1d4       50%         1
 Call Imp                 Summ           0%         N/A       63%         2
 Mephitic Cloud           Conj/Pois/Air  0%         N/A       86%         3
 Vampiric Draining        Necr           0%         2d6       86%         3
 Agony                    Necr           0%         N/A       100%        5


Dungeon Overview and Level Annotations

Branches:
Dungeon (3/15)

Altars:
Kikubaaqudgha
Makhleb
Ru
Wu Jian

Shops:
D:3 [


Innate Abilities, Weirdness & Mutations

You have a pair of horns on your head.
You cannot study or cast Ice magic.
You cannot study or cast Translocations magic.
You cannot study or cast Transmutations magic.
You reflexively headbutt those who attack you in melee.


Message History

You swap places.
Your jackal dissolves into shadows!
Your jackal dissolves into shadows!
There is a stone staircase leading down here.
You climb downwards.
Your summoned ally is left behind.
There is a stone staircase leading up here.
An ogre comes into view. It is wielding a +0 giant club.
The ogre shouts!
You hit the ogre but do no damage.
The ogre hits you with a +0 giant spiked club!
You hit the ogre.
The ogre is lightly wounded.
The ogre closely misses you. You furiously retaliate!
You headbutt the ogre! You slash the ogre!
You headbutt the ogre, but do no damage.
The ogre is severely wounded.
You hit the ogre but do no damage.
The ogre is severely wounded.
The ogre closely misses you.
You hit the ogre.
The ogre is severely wounded.
The ogre completely misses you.
You slash the ogre!
You kill the ogre!
Your Fighting skill increases to level 5!
You have reached level 5!
You start resting.
An ogre is nearby!
The ogre shouts!
You barely miss the ogre. The ogre closely misses you.
You hit the ogre but do no damage. You hit the ogre.
The ogre is lightly wounded.
The ogre hits you with a +0 giant club!!
Ouch! That really hurt!
You hit the ogre.
The ogre is lightly wounded.
The ogre hits you with a +0 giant club!!
Ouch! That really hurt!
You die...

...... #†.......# #<#.# #..
#)..####.# #.# ###.######
#..'.##.### #.# #.......
#O..#......# #.######..##.##
..... ####.#.# #.##......##...
.... ####.#.###.##.####......
### #..#....(#.##.#######.##
#>.#.#O#.#..............
#..#...@................
#.#####..)...........###..#†#.
#............(................
########.#.#.#...###.#.#.##.#.
.............>.<.............
........#.#....######.#.##...
.########.#.##.# #.#.#####
#.#.##.# # #.#.##.#


You could see an ogre.

Vanquished Creatures
  An ogre (D:3)
  An adder (D:2)
  2 dart slugs
  4 ball pythons
  3 endoplasms
  3 giant cockroaches
  13 goblins
  8 hobgoblins
  16 jackals
  2 quokkas (D:3)
  5 bats
  3 frilled lizards
  6 kobolds
  5 rats
72 creatures vanquished.

Vanquished Creatures (others)
  2 plants
2 creatures vanquished.

Grand Total: 74 creatures vanquished

Notes
Turn   | Place    | Note
-------+----------+-------------------------------------------
     0 | D:1      | Orban the Minotaur Monk began the quest for the Orb.
     0 | D:1      | Reached XP level 1. HP: 19/19 MP: 0/0
   209 | D:1      | Reached XP level 2. HP: 14/27 MP: 1/1
   429 | D:1      | Reached skill level 4 in Fighting
   830 | D:1      | Reached XP level 3. HP: 22/33 MP: 2/2
  2065 | D:2      | Reached XP level 4. HP: 36/41 MP: 3/3
  2324 | D:2      | Found a faded altar of an unknown god.
  2396 | D:2      | Prayed at the altar of an unknown god.
  2396 | D:2      | Became a worshipper of Ru the Awakened
  2399 | D:2      | Gained mutation: You cannot study or cast Ice magic. [Ru
                  | sacrifice]
  2399 | D:2      | Gained mutation: You cannot study or cast Transmutations
                  | magic. [Ru sacrifice]
  2399 | D:2      | Gained mutation: You cannot study or cast Translocations
                  | magic. [Ru sacrifice]
  2399 | D:2      | Reached * piety under Ru
  2717 | D:3      | Found Desuibro's Antique Armour Boutique.
  2720 | D:3      | Bought a pair of boots for 81 gold pieces
  2788 | D:3      | Found an ornate altar of the Wu Jian Council.
  2795 | D:3      | Found a sacrificial altar of Ru.
  2820 | D:3      | Found a burning altar of Makhleb.
  2862 | D:3      | Found an ancient bone altar of Kikubaaqudgha.
  2972 | D:3      | Noticed an ogre
  3089 | D:3      | Noticed an ogre
  3109 | D:3      | Killed an ogre
  3110 | D:3      | Reached skill level 5 in Fighting
  3110 | D:3      | Reached XP level 5. HP: 32/48 MP: 4/4
  3216 | D:3      | Mangled by an ogre

Illustrated notes

Levels and vault maps discovered:
D:1:      mrwooster_arrival_arrow, layout_loops_ring, serial_bayou,
          serial_bayou_shore_b, serial_bayou_pond_c, serial_bayou_pond_d,
          serial_bayou_ford_a
D:2:      cheibrodos_greedy_goblins, layout_loops_cross,
          shapermc_ecumenical_altar_totnotflames, st_stairs_3,
          minmay_misc_feat_pillars, serial_bayou_pond_d, minmay_misc_feat_tower,
          minmay_misc_feat_nine_boxes, hangedman_decor_push
D:3:      layout_basic, lemuel_coloured_pillars_altar,
          nicolae_overflow_hidden_temple, minmay_overflow_temple_star_quad,
          serial_shops, shop, kennysheep_generic_room_8

Skill      XL: |  1  2  3  4 |
---------------+-------------+-----
Fighting       | 4 5 |  5.4
Long Blades    | 4 |  4.5
Dodging        | 4 |  4.9
Stealth        | |  1.6

Action                   |  1- 3 |  4- 6 || total
-------------------------+-------+-------++-------
Melee: Falchion          |   101 |    54 ||   155
       Headbutt          |    22 |     6 ||    28
       Punch             |     2 |       ||     2
Invok: Sacrifice Arcana  |       |     1 ||     1
  Use: Scroll            |       |     5 ||     5
 Stab: Sleeping          |     2 |     3 ||     5
Armor: Robe              |     5 |       ||     5
       Leather armour    |    22 |    10 ||    32
Dodge: Dodged            |    78 |    26 ||   104
